 Dungeon Crawl Stone Soup version 0.30-a0-862-g1aabd4f9c5 (webtiles) character file.

Game seed: 9727629321624861975

55339 Pimp the Unseen (level 14, -3/59 HPs)
             Began as a Spriggan Conjurer on Mar 9, 2023.
             Was a High Priest of Vehumet.
             Engulfed by a fire crab's flame (25 damage)
             ... on level 5 of the Lair of Beasts.
             The game lasted 02:02:32 (23008 turns).

Pimp the Unseen (Spriggan Conjurer)                Turns: 23008, Time: 02:02:33

Health: -3/59      AC:  9    Str:  2    XL:     14   Next: 37%
Magic:  18/31      EV: 26    Int: 33    God:    Vehumet [*****.]
Gold:   1039       SH:  0    Dex: 14    Spells: 4/37 levels left

rFire   . . .      SeeInvis +    J - +4 rapier "Nuarr" {venom, rCorr}
rCold   . . .      Faith    .    (no shield)
rNeg    . . .      Spirit   .    Q - +0 troll leather armour
rPois   +          Reflect  .    n - +2 hat
rElec   .          Rampage  .    w - +2 cloak {Will+}
rCorr   +          Clarity  +    (gloves unavailable)
Will    +++..                    (boots unavailable)
Stlth   ++++++                   B - amulet of regeneration
HPRegen 1.89/turn                C - +6 ring of intelligence
MPRegen 0.22/turn                u - +5 ring of evasion

@: hasted, very quick
A: very small, no large weapons, unfitting armour, see invisible, speed 3,
talons 1, clarity, clever 1, poison resistance
a: Renounce Religion


You were on level 5 of the Lair of Beasts.
You worshipped Vehumet.
Vehumet was extremely pleased with you.
You visited 3 branches of the dungeon, and saw 18 of its levels.

You collected 1093 gold pieces.
You spent 54 gold pieces at shops.

Inventory:

Hand Weapons
 b - a +0 short sword
 h - a +2 dagger of venom
 l - a +0 dagger of electrocution
 G - a +3 dagger of draining
 J - the +4 rapier "Nuarr" (weapon) {venom, rCorr}
   (You found it on level 10 of the Dungeon)

   rCorr:     It protects you from acid and corrosion.
Missiles
 s - 3 throwing nets
 y - 2 boomerangs of dispersal
 D - 31 poisoned darts
 H - 5 boomerangs
Armour
 a - a +1 robe
 n - a +2 hat (worn)
 w - a +2 cloak of willpower (worn)
 Q - a +0 troll leather armour (worn)
Jewellery
 e - a ring of positive energy
 k - a ring of magical power
 q - the ring of the Raven {rN+ Will+ Str+6 Dex-4}
   (You found it on level 4 of the Dungeon)

   [ring of strength]

   Str:       It affects your strength (+6).
   Dex:       It affects your dexterity (-4).
   rN:        It protects you from negative energy.
   Will:      It increases your willpower.
 u - a +5 ring of evasion (right hand)
 v - a +4 ring of protection
 B - an amulet of regeneration (around neck)
 C - a +6 ring of intelligence (left hand)
 K - a +6 ring of dexterity
Wands
 d - a wand of light (24) (quivered)
 f - a wand of digging (18)
 r - a wand of polymorph (2)
 z - a wand of flame (24)
 O - a wand of paralysis (4)
Scrolls
 o - 3 scrolls of immolation
 A - 7 scrolls of teleportation
 N - a scroll of brand weapon
 P - 2 scrolls of blinking
 S - 4 scrolls of magic mapping
 T - 2 scrolls of silence
 U - a scroll of fog
 W - a scroll of amnesia
Potions
 g - 2 potions of cancellation
 i - a potion of haste
 j - 3 potions of curing
 m - 2 potions of magic
 p - 2 potions of attraction
 t - 2 potions of lignification
 x - 2 potions of flight
 E - a potion of mutation
 F - 4 potions of might {unknown}
 I - a potion of berserk rage
 L - a potion of brilliance
Miscellaneous
 M - a lightning rod (1/4)


   Skills:
 + Level 10.4 Short Blades
 - Level 3.4 Armour
 + Level 13.1 Dodging
 + Level 15.3 Stealth
 + Level 12.1 Spellcasting
 + Level 8.1 Conjurations
 + Level 10.3 Hexes
 + Level 1.1 Poison Magic
 + Level 12.5 Evocations


You had 4 spell levels left.
You knew the following spells:

 Your Spells              Type           Power      Damage    Failure   Level
a - Magic Dart            Conj           100%       1d8       1%          1
b - Searing Ray           Conj           100%       2d8       1%          2
c - Dazzling Flash        Conj/Hex       100%       N/A       1%          3
d - Fulminant Prism       Conj/Hex       34%        3d16      1%          4
e - Ensorcelled Hibernat  Hex/Ice        100%       N/A       1%          2
f - Iskenderun's Mystic   Conj/Tloc      47%        2d10      2%          4
g - Scorch                Fire           38%        2d6       2%          2
h - Summon Guardian Gole  Hex/Summ       53%        N/A       1%          3
i - Hailstorm             Conj/Ice       47%        3d11      1%          3
j - Olgreb's Toxic Radia  Pois           27%        N/A       9%          4
k - Fireball              Conj/Fire      23%        3d11      7%          5

Your spell library contained the following spells:

 Spells                   Type           Power      Damage    Failure   Level
 Foxfire                  Conj/Fire      100%       2x1d9     1%          1
 Shock                    Conj/Air       100%       1d9       1%          1
 Portal Projectile        Hex/Tloc       100%       N/A       1%          3
 Tukima's Dance           Hex            73%        N/A       1%          3
 Leda's Liquefaction      Hex/Erth       26%        N/A       6%          4
 Passwall                 Tmut/Erth      15%        N/A       8%          2
 Airstrike                Air            9%         2d(2-18)  13%         4
 Call Canine Familiar     Summ           19%        N/A       14%         3
 Swiftness                Air            19%        N/A       14%         3
 Animate Armour           Summ/Erth      38%        N/A       43%         4
 Lee's Rapid Deconstruct  Erth           9%         3d7*      32%         5
 Iron Shot                Conj/Erth      23%        9d5       32%         6
 Starburst                Conj/Fire      23%        6d8       32%         6
 Orb of Destruction       Conj           32%        9d10      34%         7
 Blade Hands              Tmut           9%         N/A       80%         5
 Spellforged Servitor     Conj/Summ      23%        N/A       86%         7
 Statue Form              Tmut/Erth      12%        N/A       100%        6


Dungeon Overview and Level Annotations

Branches:
Dungeon (12/15)            Temple (1/1) D:5            Lair (5/5) D:8
 Shoals (0/4) Lair:3       Spider (0/4) Lair:2        Slime (0/5) Lair:5
    Orc: D:9-12

Altars:
Dithmenos
Elyvilon
Fedhas
Kikubaaqudgha
Makhleb
Nemelex Xobeh
Okawaru
Qazlal
Ru
Sif Muna
Vehumet
Wu Jian
Xom
Yredelemnul
The Shining One
Jiyva

Shops:
D:2 *   D:3 *   D:12 =


Innate Abilities, Weirdness & Mutations

You are very small and have problems with some larger weapons.
You are too small for most types of armour.
You have supernaturally acute eyesight. (SInv)
You cover ground extremely quickly. (Speed+++)
You have sharp toenails.
You possess an exceptional clarity of mind.
Your mind is acute. (Int +4, Str/Dex -1)
Your system is resistant to poisons. (rPois)


Message History

As you read the scroll of blinking, it crumbles to dust.
The smoke demon hits your fulminant prism. x3
Your fulminant prism crackles loudly.
The fire crab breathes flames at you. The blast of flame engulfs you.
You barely miss the fire crab.
You claw the fire crab, but do no damage.
You are engulfed in blazing flames.
You puncture the fire crab!
The fire crab is poisoned.
You claw the fire crab, but do no damage.
The fire crab is lightly wounded.
You are engulfed in blazing flames.
The smoke demon hits your fulminant prism. x3
Your fulminant prism explodes!
The blast of energy engulfs your guardian golem!!
Your guardian golem is heavily damaged.
The blast of energy engulfs the smoke demon!!
The smoke demon is severely wounded.
Your guardian golem disappears in a puff of smoke!
The fire crab misses you. The fire crab completely misses you.
You puncture the fire crab!
The fire crab looks as sick as possible!
Your kick misses the fire crab.
The fire crab is moderately wounded.
You are engulfed in blazing flames.
You hit the fire crab.
The fire crab looks as sick as possible!
You claw the fire crab, but do no damage.
The fire crab is moderately wounded.
You are engulfed in blazing flames.
The fire crab breathes flames at you.
The blast of flame engulfs you but does no damage.
The smoke demon gestures at you. Something smites you!
* * * LOW HITPOINT WARNING * * *
You feel better. The fire crab breathes flames at you.
The blast of flame engulfs you but does no damage.
You feel yourself speed up.
You are engulfed in blazing flames.
You die...

♣♣♣ ♣....♣ #..8.#...'...h
..♣♣♣ ♣♣...♣
#...8.#..#.... ♣♣..♣♣
♣..♣♣ #.○#.8...#....
♣♣..♣♣♣♣.♣♣
#○.3#98..##### ♣♣..♣♣..♣
#..8.8...' ♣..♣..♣♣
♣#..○.....# ♣♣..♣♣♣
♣♣♣♣♣'######### ♣♣..♣♣
♣♣○♣♣°♣♣♣ ♣♣..♣♣
♣♣○○@t...♣♣♣
♣♣♣♣♣♣♣..♣♣♣○○○♣♣♣....♣♣♣
♣♣...♣♣♣♣.♣.○♣♣♣♣
♣♣♣♣...♣♣ ♣♣♣
.......♣...♣♣♣
♣♣...♣♣♣♣♣Yt ♣♣♣♣♣♣....♣♣
♣♣♣..♣♣..♣♣ ♣ ♣♣..♣♣
♣....♣♣♣ ♣♣.♣ ♣.†.♣♣ ♣♣.♣
♣♣..♣ ♣♣.♣♣ ♣♣♣♣ ♣♣♣♣♣♣♣


You could see a fire crab (extremely poisoned) and a smoke demon.

Vanquished Creatures
  A dire elephant (Lair:5)
  5 hydras
  Harold (Lair:1)
  2 two-headed ogres
  6 death yaks
  Nergalle (D:10)
  3 skysharks
  A fire crab (Lair:5)
  A sixfirhy (Lair:5)
  Amaemon (D:8)
  A wizard (Lair:5)
  A cyclops (D:12)
  A manticore (Lair:5)
  An ugly thing (D:8)
  3 oklob plants
  2 wolf spiders (Lair:1)
  6 black mambas
  8 cane toads
  A gargoyle (D:11)
  16 elephants
  3 orange demons
  An unseen horror (D:10)
  7 komodo dragons
  3 ice devils (Lair:5)
  6 rime drakes
  A troll (D:12)
  A polar bear (Lair:4)
  2 hornets (D:9)
  Grinder (D:3)
  Prince Ribbit (D:5)
  20 blink frogs
  A spriggan (Lair:5)
  3 slime creatures (D:11)
  2 culicivoras (Lair:2)
  10 wyverns
  2 vampires
  4 wraiths
  A steam dragon (D:8)
  Eustachio (D:6)
  50 yaks
  5 basilisks
  16 water moccasins
  4 hell hounds (Lair:5)
  2 orc warriors
  A sky beast (D:7)
  An ice beast (D:7)
  31 wolves
  An ogre (D:6)
  3 centaurs
  3 phantoms
  A kobold brigand (D:9)
  12 bullfrogs
  2 scorpions
  4 wights (D:8)
  7 killer bees (D:9)
  3 howler monkeys (D:7)
  A jelly (D:7)
  5 hounds
  2 orc priests
  A sleepcap (D:5)
  Jessica (D:3)
  9 orc wizards
  Ijyb (D:3)
  An iguana (D:7)
  5 gnolls
  5 adders
  A shadow imp (D:6)
  An ufetubus (D:7)
  2 worms (D:4)
  4 dart slugs
  22 orcs
  4 bats
  8 endoplasms
  A giant cockroach (D:3)
  3 goblins
  4 hobgoblins
  2 jackals (D:1)
  7 quokkas
  10 ball pythons
  6 frilled lizards
  11 kobolds
  A bush (Lair:5)
  8 fulminant prisms
404 creatures vanquished.

Vanquished Creatures (others)
  A human (D:5)
  An orc wizard (D:7)
  A bush (Lair:5)
  151 fulminant prisms
  41 fungi
  42 plants
237 creatures vanquished.

Grand Total: 641 creatures vanquished

Notes
Turn   | Place    | Note
-------+----------+-------------------------------------------
     0 | D:1      | Pimp the Spriggan Conjurer began the quest for the Orb.
     0 | D:1      | Reached XP level 1. HP: 9/9 MP: 5/5
   130 | D:1      | Reached XP level 2. HP: 13/13 MP: 0/6
   175 | D:1      | Learned a level 2 spell: Searing Ray
   511 | D:1      | Found a faded altar of an unknown god.
   838 | D:1      | Reached XP level 3. HP: 16/16 MP: 8/8
  1108 | D:2      | Reached skill level 4 in Stealth
  1445 | D:2      | Reached XP level 4. HP: 21/21 MP: 2/10
  1737 | D:2      | Found a shimmering blue altar of Sif Muna.
  1886 | D:2      | Found Higigei's Assorted Antiques.
  1892 | D:2      | Bought a scroll labelled OBBECOPUTZ for 18 gold pieces
  1892 | D:2      | Bought a scroll labelled PAXTEETAUS for 18 gold pieces
  1892 | D:2      | Bought a scroll labelled OLEAHI JUITHRA for 18 gold pieces
  2048 | D:2      | Gained mutation: Your muscles are strong. (Str +4, Int/Dex
                  | -1) [potion of mutation]
  2048 | D:2      | Gained mutation: You possess an exceptional clarity of
                  | mind. [potion of mutation]
  2048 | D:2      | Gained mutation: You are partially covered in iridescent
                  | scales. (AC +2) [potion of mutation]
  2049 | D:2      | Lost mutation: You are partially covered in iridescent
                  | scales. (AC +2) [potion of mutation]
  2049 | D:2      | Lost mutation: Your muscles are strong. (Str +4, Int/Dex
                  | -1) [potion of mutation]
  2049 | D:2      | Gained mutation: You have hidden genetic potential. [potion
                  | of mutation]
  2049 | D:2      | Gained mutation: Your mind is acute. (Int +4, Str/Dex -1)
                  | [potion of mutation]
  2574 | D:3      | Reached skill level 1 in Evocations
  2715 | D:3      | Noticed Grinder
  2749 | D:3      | Paralysed by Grinder for 4 turns
  2756 | D:3      | Paralysed by Grinder for 2 turns
  2760 | D:3      | Paralysed by Grinder for 4 turns
  2864 | D:3      | Found Ejehoru's General Store.
  2903 | D:3      | Paralysed by Grinder for 4 turns
  2916 | D:3      | Killed Grinder
  2917 | D:3      | Reached skill level 1 in Short Blades
  2917 | D:3      | Reached skill level 5 in Stealth
  2917 | D:3      | Reached XP level 5. HP: 16/24 MP: 0/12
  2917 | D:3      | Reached XP level 6. HP: 19/28 MP: 0/13
  2919 | D:3      | Gained mutation: Your system is resistant to poisons.
                  | (rPois) [hidden potential]
  3129 | D:3      | Noticed Ijyb
  3157 | D:3      | Killed Ijyb
  3286 | D:3      | Noticed Jessica
  3305 | D:3      | Killed Jessica
  3644 | D:4      | Identified the ring of the Raven {rN+ Will+ Str+6 Dex-4}
  3674 | D:4      | Reached XP level 7. HP: 32/32 MP: 8/14
  3719 | D:4      | Reached skill level 5 in Dodging
  3989 | D:4      | Reached skill level 6 in Stealth
  3993 | D:4      | Gained mutation: You have sharp toenails. [hidden
                  | potential]
  3993 | D:4      | Lost mutation: You have hidden genetic potential. [hidden
                  | potential expressed]
  4401 | D:5      | Entered Level 5 of the Dungeon
  4453 | D:5      | Found a stormy altar of Qazlal.
  4531 | D:5      | Reached skill level 5 in Spellcasting
  4804 | D:5      | Found a staircase to the Ecumenical Temple.
  4824 | Temple   | Entered the Ecumenical Temple
  4837 | Temple   | Became a worshipper of Vehumet
  4889 | D:5      | Found an ancient bone altar of Kikubaaqudgha.
  4891 | D:5      | Found a white marble altar of Elyvilon.
  4904 | D:5      | Noticed a human
  4907 | D:5      | Killed a human
  4936 | D:5      | Noticed Prince Ribbit
  4946 | D:5      | Killed Prince Ribbit
  4947 | D:5      | Reached XP level 8. HP: 19/36 MP: 11/17
  5127 | D:5      | Reached skill level 7 in Stealth
  5611 | D:6      | Reached skill level 5 in Evocations
  5919 | D:6      | Noticed Eustachio
  5970 | D:6      | Killed Eustachio
  6241 | D:6      | Learned a level 3 spell: Dazzling Flash
  6246 | D:6      | Learned a level 4 spell: Fulminant Prism
  6364 | D:6      | You fall into a shaft and drop 3 floors!
  6409 | D:9      | Noticed a hornet
  6441 | D:9      | Learned a level 2 spell: Ensorcelled Hibernation
  6457 | D:8      | Noticed Amaemon
  6482 | D:8      | Reached skill level 8 in Stealth
  6482 | D:8      | Reached skill level 1 in Hexes
  6582 | D:8      | Reached XP level 9. HP: 39/39 MP: 9/19
  6778 | D:8      | Noticed a white ugly thing
  7152 | D:7      | Learned a level 4 spell: Iskenderun's Mystic Blast
  7168 | D:7      | Identified the +2 helmet "Naczenil" {rF+}
  7190 | D:7      | Reached skill level 5 in Short Blades
  7371 | D:7      | Found an ornate altar of the Wu Jian Council.
  7371 | D:7      | Found a sparkling altar of Nemelex Xobeh.
  7521 | D:7      | Reached skill level 5 in Conjurations
  7683 | D:8      | Noticed an orange demon
  7835 | D:8      | Killed an orange demon
  7836 | D:8      | Reached skill level 9 in Stealth
  7893 | D:8      | Killed Amaemon
  7893 | D:8      | Reached * piety under Vehumet
  7893 | D:8      | Offered knowledge of Freeze by Vehumet.
  8057 | D:8      | Found a staircase to the Lair.
  8427 | D:8      | Reached XP level 10. HP: 44/44 MP: 19/22
  8506 | D:8      | Killed a white ugly thing
  8507 | D:8      | Reached skill level 10 in Stealth
  8758 | D:9      | Found a blossoming altar of Fedhas.
  9542 | D:10     | Entered Level 10 of the Dungeon
  9545 | D:10     | Reached ** piety under Vehumet
  9546 | D:10     | Reached skill level 5 in Hexes
  9712 | D:10     | Offered knowledge of Scorch by Vehumet.
  9732 | D:10     | Noticed Nergalle
  9796 | D:10     | Found an iron altar of Okawaru.
  9880 | D:10     | Found a shimmering altar of Xom.
 10070 | D:10     | Identified the +4 rapier "Nuarr" {venom, rCorr}
 10220 | D:10     | Found a sacrificial altar of Ru.
 10426 | D:10     | Killed Nergalle
 10427 | D:10     | Reached skill level 11 in Stealth
 10752 | D:11     | Noticed a two-headed ogre
 10757 | D:11     | Killed a two-headed ogre
 10758 | D:11     | Reached XP level 11. HP: 47/47 MP: 24/24
 11291 | D:11     | Learned a level 2 spell: Scorch
 11295 | D:11     | Learned a level 3 spell: Summon Guardian Golem
 11632 | D:11     | Offered knowledge of Hailstorm by Vehumet.
 11995 | D:12     | Found Kaitiuc's Jewellery Shop.
 12247 | D:12     | Noticed a two-headed ogre
 12251 | D:12     | Killed a two-headed ogre
 12252 | D:12     | Reached skill level 10 in Dodging
 12260 | D:12     | Noticed a two-headed ogre
 12504 | D:12     | Noticed a phantasmal warrior
 12504 | D:12     | Noticed a phantasmal warrior
 12665 | Lair:1   | Entered Level 1 of the Lair of Beasts
 12837 | D:8      | Reached skill level 12 in Stealth
 12985 | D:8      | Reached *** piety under Vehumet
 13099 | D:8      | Learned a level 3 spell: Hailstorm
 13177 | Lair:1   | Noticed a wolf spider
 13266 | Lair:1   | Killed a wolf spider
 13398 | Lair:1   | Noticed Harold
 13467 | Lair:1   | Killed Harold
 13468 | Lair:1   | Reached XP level 12. HP: 38/51 MP: 26/26
 14020 | D:12     | Noticed a death knight
 14021 | D:12     | Reached skill level 10 in Evocations
 14769 | Lair:2   | Reached skill level 10 in Spellcasting
 14773 | Lair:2   | Offered knowledge of Sticky Flame by Vehumet.
 15181 | Lair:2   | Reached skill level 13 in Stealth
 15409 | Lair:2   | Found a hole to the Spider Nest.
 15467 | Lair:2   | Reached **** piety under Vehumet
 15649 | Lair:2   | Offered knowledge of Ignite Poison by Vehumet.
 15739 | Lair:2   | Noticed a seven-headed hydra
 15776 | Lair:2   | Killed a seven-headed hydra
 16306 | Lair:3   | Found a staircase to the Shoals.
 16342 | Lair:3   | Reached skill level 1 in Armour
 16627 | Lair:3   | Reached XP level 13. HP: 55/55 MP: 14/28
 17226 | Lair:3   | Reached skill level 14 in Stealth
 18630 | Lair:4   | Found a basalt altar of Yredelemnul.
 19116 | Lair:4   | Reached ***** piety under Vehumet
 19138 | Lair:4   | Offered knowledge of Ozocubu's Refrigeration by Vehumet.
 19495 | Lair:5   | Entered Level 5 of the Lair of Beasts
 19918 | Lair:5   | Found a viscous altar of Jiyva.
 19921 | Lair:5   | Found a staircase to the Slime Pits.
 20230 | Lair:5   | Reached skill level 10 in Short Blades
 20451 | Lair:5   | Reached XP level 14. HP: 59/59 MP: 30/30
 20645 | Lair:5   | Reached skill level 10 in Hexes
 20827 | Lair:5   | Reached skill level 15 in Stealth
 21124 | Lair:5   | Offered knowledge of Olgreb's Toxic Radiance by Vehumet.
 21323 | Lair:5   | Learned a level 4 spell: Olgreb's Toxic Radiance
 22022 | Lair:5   | Found a burning altar of Makhleb.
 22569 | Lair:5   | Reached skill level 1 in Poison Magic
 22811 | Lair:4   | Learned a level 5 spell: Fireball
 23008 | Lair:5   | Engulfed by a fire crab's flame

Illustrated notes

Levels and vault maps discovered:
D:1:      wander_arrival_lonely_grave, layout_basic, basic_ecumenical_altar
D:2:      layout_loops_ring, basic_altar, serial_shops, nicolae_diamond_shop,
          nicolae_figureground_pulse
D:3:      layout_basic, serial_shops, shop, uniq_grinder, uniq_jessica,
          uniq_ijyb
D:4:      layout_loops_ring
D:5:      layout_loops_corners, tgw_kikubaaqudgha,
          nicolae_elyvilon_peaceful_grove, nicolae_qazlal_scattered_showers,
          minmay_temple_entry_water_ring, cheibrodos_gnoll_hut,
          uniq_prince_ribbit1
D:6:      layout_basic, uniq_eustachio
D:7:      layout_cave_pools, gammafunk_temple_overflow_statue,
          kennysheep_pointless_box, dreamdust_princess_bridge
D:8:      layout_basic, david_lair_generic, uniq_amaemon
D:9:      layout_big_octagon, fedhas_altar_2
D:10:     layout_loops_ring, general_overflow_altar, okawaru_metal_pillars_3,
          mainiacjoe_overflow_surrounded_room, uniq_nergalle
D:11:     layout_loops_ring
D:12:     layout_loops_corners, erik_orc_2, serial_shops, shop, uniq_gastronok
Temple:   nicolae_temple_bog_church
Lair:1:   layout_layer_cave, nicolae_lair_run_with_the_wolves,
          serial_bayou_shore_b, lemuel_fruit_tree, infiniplex_staircase_pool,
          uniq_harold
Lair:2:   layout_cellular_growth, hellmonk_spider_entry_life_and_decay,
          grunt_megastairs_2
Lair:3:   layout_chaotic_city, elwin_shoals_entry_rocks
Lair:4:   layout_cave_pods, basic_altar
Lair:5:   evil_forest, layout_layer_cave, minmay_slime_entry_oklob_open,
          grunt_forest_large_clearing_hut, serial_bayou_shore_b

Skill      XL: |  1  2  3  4  5  6  7  8  9 10 11 12 13 14 |
---------------+-------------------------------------------+-----
Conjurations   | 3 4 5 6 7 8 |  8.1
Dodging        | 3 4 5 7 8 9 10 11 12 13 | 13.1
Spellcasting   | 3 4 5 6 7 8 9 10 11 12 | 12.1
Stealth        | 4 5 6 8 9 11 12 13 14 15 | 15.3
Evocations     | 2 3 4 5 7 8 9 11 12 | 12.5
Short Blades   | 1 2 3 4 5 6 8 9 10 | 10.4
Hexes          | 1 4 5 7 8 9 10 | 10.3
Armour         | 1 3 |  3.4
Poison Magic   | 1 |  1.1

Action                     |  1- 3 |  4- 6 |  7- 9 | 10-12 | 13-15 || total
---------------------------+-------+-------+-------+-------+-------++-------
  Melee: Unarmed           |     4 |       |       |       |       ||     4
         Short sword       |    45 |     7 |       |       |       ||    52
         Dagger            |       |    37 |   136 |    36 |       ||   209
         Punch             |       |     1 |     2 |     7 |     3 ||    13
         Kick              |       |       |    39 |    73 |    84 ||   196
         Rapier            |       |       |       |   224 |   238 ||   462
   Cast: Magic Dart        |    33 |    20 |    13 |    12 |    20 ||    98
         Searing Ray       |     6 |    23 |    27 |    27 |    14 ||    97
         Fulminant Prism   |       |       |     5 |    68 |    86 ||   159
         Ensorcelled Hiber |       |       |     1 |    90 |    75 ||   166
         Dazzling Flash    |       |       |     1 |       |       ||     1
         Iskenderun's Myst |       |       |       |    23 |     2 ||    25
         Scorch            |       |       |       |     3 |     2 ||     5
         Summon Guardian G |       |       |       |     3 |     2 ||     5
         Hailstorm         |       |       |       |     1 |       ||     1
         Olgreb's Toxic Ra |       |       |       |       |    13 ||    13
         Fireball          |       |       |       |       |     8 ||     8
  Evoke: Wand              |       |       |    17 |    39 |     2 ||    58
         Lightning rod     |       |       |       |     6 |     7 ||    13
    Use: Potion            |     2 |     3 |     1 |     1 |     7 ||    14
         Scroll            |     3 |    12 |     9 |    12 |     8 ||    44
   Stab: Sleeping          |    10 |     3 |    16 |    40 |    44 ||   113
         Distracted        |       |       |     1 |       |       ||     1
 Armour: Robe              |     9 |    10 |    23 |    11 |       ||    53
         Troll leather arm |       |       |       |    24 |    37 ||    61
  Dodge: Dodged            |    76 |    59 |   133 |   348 |   264 ||   880

Table legend: (Time is in decaauts)
 A = Elapsed time spent in this place.
 B = Non-inter-level travel time spent in this place.
 C = Inter-level travel time spent in this place.
 D = Time resting spent in this place.
 E = Time spent auto-exploring this place.
 F = Levels seen in this place.
 G = Mean time per level.
                   A        B        C        D        E       F      G
               +--------+--------+--------+--------+--------+-----+--------+
         Total |  17302 |  16373 |    929 |   6377 |   5315 |  18 |  961.2 |
       Dungeon |  10147 |   9595 |    552 |   3588 |   3530 |  12 |  845.6 |
        Temple |     13 |     13 |      0 |      0 |      0 |   1 |   13.0 |
          Lair |   7141 |   6765 |    376 |   2788 |   1784 |   5 | 1428.2 |
               +--------+--------+--------+--------+--------+-----+--------+

Top non-repeatable levels by time:
  Lair:5: 2174 daAuts
  Lair:4: 1658 daAuts
     D:8: 1522 daAuts
  Lair:3: 1248 daAuts
  Lair:1: 1103 daAuts
    D:11: 1071 daAuts
     D:2: 1048 daAuts
  Lair:2: 955 daAuts
     D:1: 849 daAuts
     D:9: 819 daAuts
     D:5: 815 daAuts
     D:4: 793 daAuts
    D:10: 787 daAuts
     D:3: 736 daAuts
     D:6: 599 daAuts
